 Dungeon Crawl Stone Soup version 0.26-a0-638-gcca6ad1b57 (webtiles) character file.

Game seed: 6006572830136515780

3535 Gottschkopf the Grappler (level 9, -7/64 HPs)
             Began as a Grey Draconian Transmuter on Sept 14, 2020.
             Was a Follower of Sif Muna.
             Killed from afar by an electric eel (9 damage)
             ... with a bolt of electricity
             ... on level 8 of the Dungeon.
             The game lasted 00:26:57 (9507 turns).

Gottschkopf the Grappler (DrTm)                     Turns: 9507, Time: 00:26:58

Health: -7/64      AC: 18    Str: 14    XL:     9   Next: 82%
Magic:  9/14       EV: 12    Int: 18    God:    Sif Muna [*.....]
Gold:   441        SH:  5    Dex: 11    Spells: 4/15 levels left

rFire    . . .     SeeInvis .     - Unarmed
rCold    . . .     Faith    .   (no shield)
rNeg     . . .     Spirit   .   (armour unavailable)
rPois    +         Reflect  +   (helmet restricted)
rElec    .         Harm     .   p - +2 cloak
rCorr    .         Rampage  .   (no gloves)
MR       +....     Rnd*Rage +   j - +2 pair of boots (curse)
Stlth    ++........             v - amulet of reflection
HPRegen  0.20/turn              c - ring of poison resistance
MPRegen  0.14/turn              (no ring)

@: no status effects
A: walk through water, unfitting armour, camouflage 1, berserk 1, magic
resistance 1, strong 1, unbreathing, cold-blooded, AC +12
a: Channel Magic, Renounce Religion


You were on level 8 of the Dungeon.
You worshipped Sif Muna.
Sif Muna was aware of your devotion.
You visited 2 branches of the dungeon, and saw 9 of its levels.
You also visited: Ossuary.

You collected 441 gold pieces.

Inventory:

Armour
 j - a cursed +2 pair of boots (worn)
 p - a +2 cloak (worn)
Jewellery
 c - a ring of poison resistance (left hand)
 v - an amulet of reflection (around neck)
Wands
 d - a wand of polymorph (6)
 q - a wand of disintegration (5)
 w - a wand of acid (13)
 y - a wand of random effects (23)
Scrolls
 a - a scroll of amnesia {unknown}
 b - 2 scrolls of magic mapping {unknown}
 e - a scroll of immolation {unknown}
 f - 3 scrolls of teleportation {unknown}
 h - 2 scrolls of fear {unknown}
 l - a scroll of enchant armour
 n - a scroll of noise {unknown}
 s - a scroll of identify
 x - a scroll of remove curse {unknown}
 z - a scroll of enchant weapon {unknown}
Potions
 g - 4 potions of curing
 i - a potion of might
 k - 3 potions of magic
 m - 3 potions of brilliance
 r - 2 potions of ambrosia
 t - 2 potions of stabbing
 u - 2 potions of lignification


   Skills:
 - Level 1.1 Fighting
 - Level 1.7 Dodging
 - Level 10.0 Unarmed Combat
 + Level 3.5 Spellcasting
 - Level 8.2 Transmutations
 - Level 5.8 Poison Magic


You had 4 spell levels left.
You knew the following spells:

 Your Spells              Type           Power        Failure   Level
a - Beastly Appendage     Tmut           ####..       1%          1
b - Spider Form           Tmut/Pois      ####......   2%          3
c - Wereblood             Tmut           ####....     1%          2
d - Blade Hands           Tmut           ####......   14%         5

Your spell library contained the following spells:

 Spells                   Type           Power        Failure   Level
 Sting                    Tmut/Pois      ####         1%          1
 Poisonous Vapours        Pois/Air       ##....       7%          2
 Ignite Poison            Fire/Tmut/Pois ###.....     7%          3
 Olgreb's Toxic Radiance  Pois           ###.....     14%         4
 Mephitic Cloud           Conj/Pois/Air  ##......     22%         3
 Ice Form                 Ice/Tmut       ###.....     28%         4


Dungeon Overview and Level Annotations

Branches:
Dungeon (8/15)             Temple (1/1) D:6            Lair (0/6) D:8
Ossuary (visited)

Altars:
Cheibriados
Dithmenos
Sif Muna
Trog
Uskayaw
Xom
Yredelemnul

Shops:
D:4 =


Innate Abilities, Weirdness & Mutations

You can walk through water.
Your dull iron-grey scales are very hard. (AC +12)
You cannot fit into any form of body armour.
You can survive without breathing.
You are cold-blooded and may be slowed by cold attacks.
Your skin changes colour to match your surroundings (Stealth+).
You tend to lose your temper in combat.
You are resistant to hostile enchantments. (MR+)
Your muscles are strong. (Str +2)


Message History

The bolt of electricity hits you!
* * * LOW HITPOINT WARNING * * *
It was a potion of cancellation.
Your magical effects are unravelling.
You feel magically purged.
Your hands revert to their normal proportions.
You feel better. The hound barely misses you.
A troll comes into view.
The electric eel shoots out a bolt of lightning at you!
The bolt of electricity hits you!
* * * LOW HITPOINT WARNING * * *
The hound bites you but does no damage.
Okay, then.
As you read the scroll labeled CAWNER NAVUCSICIDU, it crumbles to dust.
The scroll dissolves into smoke.
It was a scroll of fog.
The troll shouts!
The hound bites you but does no damage.
The electric eel shoots out a bolt of lightning at you!
The bolt of electricity hits you!
You die...

.# #......≈≈≈≈≈≈≈. #.#
'###
#..≈≈.≈.≈≈≈≈≈.≈.#####.#
...#
##...≈≈≈≈≈≈≈≈≈.........#
...#
#....≈≈≈≈≈≈≈≈≈≈≈≈#####<#
...#####..≈≈†≈.≈.≈.≈≈≈≈≈
#.#
...........≈≈≈....≈≈≈≈≈≈
#.#
......###..≈≈.≈.>..≈≈≈≈≈
#.#
........#..≈≈.(§§§.≈≈≈≈≈
#.#
......#.#..≈≈≈.§@§≈≈≈≈≈≈
#.#
......#.#..≈≈≈.§h;≈≈≈≈≈.
#.###
......#.#...≈≈≈..≈≈≈≈≈..
#....
......#.#...≈≈≈≈.≈≈≈≈≈..
#####
......'....≈≈≈≈≈.≈≈≈....
#
......###..≈≈≈≈≈.≈≈≈≈....
# ###...#
#..≈≈≈.≈T≈≈≈.≈≈.#########
# #|..#
#...≈≈.≈.≈≈≈.≈..#........
###...#
#....≈.≈.≈≈..≈..#.#######


You could see a troll, a hound and an electric eel.

Vanquished Creatures
  Grinder (D:3)
  Sigmund (D:6)
  Eustachio (D:4)
  Duvessa (D:6)
  2 ice beasts
  An eye of draining (D:3)
  4 phantoms
  3 ogres
  3 wolves (D:8)
  A centaur (D:5)
  Blork the orc (D:6)
  A gnoll sergeant (D:6)
  2 bullfrogs (D:8)
  Dowan (D:6)
  3 scorpions
  2 killer bees (D:8)
  2 electric eels (D:8)
  A bullfrog zombie (D:6)
  A centaur zombie (D:6)
  2 orc priests
  7 hounds
  2 orc wizards (D:5)
  Crazy Yiuf (D:3)
  2 centaur skeletons
  An iguana (D:5)
  Natasha (thrice) (D:2)
  4 worker ants
  A hound zombie (D:5)
  A hound skeleton (D:5)
  3 mummies (Ossuary)
  Robin (D:4)
  4 gnolls
  11 adders
  2 shadow imps
  2 white imps
  An ufetubus (D:5)
  6 adder zombies (Ossuary)
  4 worms
  3 dart slugs
  2 leopard geckos
  18 orcs
  4 giant cockroaches
  A gnoll zombie (Ossuary)
  22 goblins
  5 hobgoblins
  19 jackals
  7 kobolds
  5 quokkas
  2 ball pythons
  8 bats
  8 frilled lizards
  2 goblin zombies (Ossuary)
  4 hobgoblin zombies (Ossuary)
  2 kobold zombies (Ossuary)
  A leopard gecko skeleton (D:5)
  2 quokka skeletons
  A quokka zombie (Ossuary)
  4 rats
  2 rat zombies (Ossuary)
212 creatures vanquished.

Notes
Turn   | Place    | Note
-------+----------+-------------------------------------------
     0 | D:1      | Gottschkopf the Draconian Transmuter began the quest for
                  | the Orb.
     0 | D:1      | Reached XP level 1. HP: 16/16 MP: 3/3
   353 | D:1      | Reached XP level 2. HP: 22/23 MP: 3/5
   591 | D:1      | Reached skill level 4 in Unarmed Combat
   883 | D:1      | Reached XP level 3. HP: 25/28 MP: 4/6
   888 | D:1      | Learned a level 3 spell: Spider Form
  1152 | D:2      | Reached skill level 1 in Poison Magic
  1443 | D:2      | Reached XP level 4. HP: 27/35 MP: 5/7
  2177 | D:3      | Noticed Natasha
  2192 | D:2      | Killed Natasha
  2620 | D:3      | Reached XP level 5. HP: 40/40 MP: 6/8
  2629 | D:3      | You fall into a shaft and drop 1 floor!
  2791 | D:4      | Found Hiazicve's Jewellery Shop.
  2967 | D:3      | Noticed Robin
  2976 | D:4      | Killed Robin
  3310 | D:2      | Noticed Natasha
  3319 | D:2      | Killed Natasha
  3358 | D:2      | Noticed Natasha
  3366 | D:2      | Killed Natasha
  3366 | D:2      | Reached XP level 6. HP: 40/47 MP: 7/9
  3431 | D:3      | Reached skill level 5 in Unarmed Combat
  3514 | D:3      | Learned a level 2 spell: Wereblood
  3582 | D:3      | Found a runed translucent door.
  3583 | D:3      | Noticed Crazy Yiuf
  3591 | D:3      | Killed Crazy Yiuf
  4006 | D:3      | Found a bloodstained altar of Trog.
  4006 | D:3      | Noticed Grinder
  4006 | D:3      | Paralysed by Grinder for 6 turns
  4029 | D:3      | Killed Grinder
  4029 | D:3      | Reached skill level 6 in Unarmed Combat
  4029 | D:3      | Your scales start taking on a dull iron-grey colour.
  4029 | D:3      | Reached XP level 7. HP: 35/52 MP: 0/10
  4029 | D:3      | Gained mutation: You can survive without breathing. [Grey
                  | Draconian growth]
  4033 | D:3      | Reached skill level 7 in Unarmed Combat
  4743 | D:4      | Noticed Eustachio
  4781 | D:4      | Killed Eustachio
  4781 | D:4      | Reached skill level 8 in Unarmed Combat
  4943 | D:4      | Reached XP level 8. HP: 43/59 MP: 9/11
  5284 | D:5      | Entered Level 5 of the Dungeon
  5480 | D:5      | Reached skill level 9 in Unarmed Combat
  6109 | D:5      | Reached skill level 10 in Unarmed Combat
  6298 | D:5      | Reached skill level 5 in Transmutations
  6465 | D:5      | Gained mutation: Your muscles are strong. (Str +2) [potion
                  | of mutation]
  6465 | D:5      | Gained mutation: You tend to lose your temper in combat.
                  | [potion of mutation]
  6465 | D:5      | Gained mutation: Your skin changes colour to match your
                  | surroundings (Stealth+). [potion of mutation]
  6465 | D:5      | Gained mutation: You are resistant to hostile enchantments.
                  | (MR+) [potion of mutation]
  6536 | D:6      | Noticed Blork the orc
  6561 | D:6      | Killed Blork the orc
  6716 | D:6      | Found a sand-covered staircase.
  6724 | Ossuary  | Entered an ossuary
  7023 | D:6      | Found a shadowy altar of Dithmenos.
  7036 | D:6      | Reached XP level 9. HP: 38/64 MP: 7/12
  7322 | D:6      | Learned a level 5 spell: Blade Hands
  7349 | D:6      | Noticed Dowan
  7362 | D:6      | Noticed Duvessa
  7377 | D:6      | Killed Duvessa
  7388 | D:6      | Killed Dowan
  7494 | D:6      | Found a staircase to the Ecumenical Temple.
  7499 | Temple   | Entered the Ecumenical Temple
  7506 | Temple   | Became a worshipper of Sif Muna the Loreminder
  7652 | D:6      | Noticed Sigmund
  7662 | D:6      | Killed Sigmund
  8448 | D:8      | Found a basalt altar of Yredelemnul.
  8660 | D:8      | Reached skill level 5 in Poison Magic
  8946 | D:8      | Found a bloodstained altar of Trog.
  9474 | D:8      | Found a staircase to the Lair.
  9504 | D:8      | Reached * piety under Sif Muna
  9506 | D:8      | Noticed a troll
  9506 | D:8      | HP: 2/64 [electric eel/bolt of electricity (8)]
  9507 | D:8      | Killed from afar by an electric eel

Illustrated notes

Levels and vault maps discovered:
D:1:      nicolae_arrival_memento_mori, layout_basic
D:2:      layout_loops_ring
D:3:      layout_rooms, portal_sewer_entry_d, trog_eyes_of_draining, uniq_robin,
          uniq_crazy_yiuf_cottage, uniq_grinder, uniq_natasha
D:4:      layout_layer_cave, serial_shops, shop, uniq_eustachio
D:5:      layout_gridville
D:6:      layout_loops_ring, temple_doors_e, nicolae_ossuary_entry_monument,
          nicolae_dithmenos_the_darkroom, uniq_sigmund, uniq_blork_the_orc,
          uniq_duvessa
D:7:      layout_cave_pools, serial_column_ruins, column_ruins_circle_medium,
          column_ruins_open_tiny, column_ruins_open_small,
          column_ruins_columns_corner, minmay_crystal_room, lemuel_centaur_altar
D:8:      layout_basic, erik_lair_island, hangedman_feature_mirror
Temple:   nicolae_temple_the_god_donut

Skill      XL: |  1  2  3  4  5  6  7  8  9 |
---------------+----------------------------+-----
Unarmed Combat | 4 6 8 10 | 10.0
Poison Magic   | 1 2 3 5 |  5.8
Transmutations | 3 6 8 |  8.2
Spellcasting   | 3 |  3.5
Fighting       | |  1.1
Dodging        | |  1.7

Action                   |  1- 3 |  4- 6 |  7- 9 || total
-------------------------+-------+-------+-------++-------
Melee: Unarmed           |   110 |   168 |   387 ||   665
       Kick              |    18 |    15 |    49 ||    82
       Headbutt          |     5 |    16 |    32 ||    53
       Tailslap          |     6 |    10 |    21 ||    37
       Punch             |     1 |     1 |    11 ||    13
 Cast: Beastly Appendage |    24 |    24 |    53 ||   101
       Spider Form       |       |     5 |    16 ||    21
       Wereblood         |       |     2 |    12 ||    14
       Blade Hands       |       |       |     5 ||     5
 Abil: End Transformatio |       |     1 |       ||     1
  Use: Potion            |       |       |    10 ||    10
       Scroll            |       |       |    13 ||    13
 Stab: Sleeping          |       |       |     7 ||     7
       Invisible         |       |       |     2 ||     2
Armor: Skin              |    33 |    53 |    97 ||   183
Dodge: Dodged            |    77 |   143 |   271 ||   491
Block: Other             |       |       |    18 ||    18

Table legend: (Time is in decaauts)
 A = Elapsed time spent in this place.
 B = Non-inter-level travel time spent in this place.
 C = Inter-level travel time spent in this place.
 D = Time resting spent in this place.
 E = Time spent auto-exploring this place.
 F = Levels seen in this place.
 G = Mean time per level.
                   A        B        C        D        E       F      G
               +--------+--------+--------+--------+--------+-----+--------+
         Total |   9449 |   9197 |    252 |   1148 |   5978 |  10 |  944.9 |
       Dungeon |   9219 |   8967 |    252 |   1115 |   5919 |   8 | 1152.4 |
        Temple |     14 |     14 |      0 |      0 |      0 |   1 |   14.0 |
       Ossuary |    215 |    215 |      0 |     33 |     59 |   1 |  215.0 |
               +--------+--------+--------+--------+--------+-----+--------+

Top non-repeatable levels by time:
     D:4: 1588 daAuts
     D:2: 1581 daAuts
     D:8: 1447 daAuts
     D:5: 1280 daAuts
     D:6: 1127 daAuts
     D:1: 1057 daAuts
     D:3: 1020 daAuts
 Ossuary: 215 daAuts
     D:7: 116 daAuts
  Temple: 14 daAuts
